 Dungeon Crawl Stone Soup version 0.31.0-32-g396128a36d (webtiles) character file.

Game seed: 13752906082203300485

57 Kaboulah the Covered (level 3, -6/31 HPs)
             Began as an Armataur Fighter on Mar 17, 2024.
             Was an Initiate of Okawaru.
             Killed by divine providence
             ... invoked by an orc priest
              (15 damage)
             ... on level 3 of the Dungeon.
             The game lasted 00:14:23 (1844 turns).

Kaboulah the Covered (Armataur Fighter)             Turns: 1844, Time: 00:14:25

Health: -6/31      AC:  8    Str: 23    XL:     3   Next: 73%
Magic:  3/3        EV:  6    Int:  8    God:    Okawaru [......]
Gold:   103        SH:  4    Dex:  9    Spells: 2/2 levels left

rFire   . . .        a - +0 flail
rCold   . . .        c - +0 buckler
rNeg    . . .        e - +0 chain mail
rPois   .            (no helmet)
rElec   .            (no cloak)
rCorr   +            (no gloves)
SInv    +            (no barding)
Will    .....        (no amulet) Stlth
                     f - ring of see invisible
HPRegen 0.25/turn    l - ring of resist corrosion
MPRegen 1.40/turn

%: roll
@: no status effects
A: large, deformed body, tough skin 3, armoured tail, roll 1
a: Renounce Religion


You were on level 3 of the Dungeon.
You worshipped Okawaru.
Okawaru was noncommittal.
You visited 1 branch of the dungeon, and saw 3 of its levels.

You collected 103 gold pieces.

Inventory:

Hand Weapons
 a - a +0 flail (weapon)
Missiles
 b - 5 large rocks
 g - 4 boomerangs (quivered)
Armour
 c - a +0 buckler (worn)
 e - a +0 chain mail (worn)
Jewellery
 f - a ring of see invisible (left hand)
 l - a ring of resist corrosion (right hand)
Wands
 m - a wand of paralysis (5)
Scrolls
 i - a scroll of noise {unknown}
 n - a scroll of poison {unknown}
Potions
 d - 2 potions of might
 h - a potion of brilliance {unknown}
 j - a potion of curing {unknown}
 k - a potion of cancellation {unknown}


   Skills:
 + Level 3.0 Fighting
 + Level 2.5 Maces & Flails
 + Level 1.0 Throwing
 + Level 4.2 Armour
 + Level 3.5 Shields
 + Level 0.0 Invocations
 + Level 0.1 Evocations


You had 2 spell levels left.
You didn't know any spells.
Your spell library contained the following spells:

 Spells                   Type           Power      Damage    Failure   Level
 Blink                    Tloc           0%         N/A       99%         2
 Lesser Beckoning         Tloc           0%         N/A       99%         2
 Momentum Strike          Conj/Tloc      0%         3d8       99%         2


Dungeon Overview and Level Annotations

Branches:
Dungeon (3/15)

Altars:
Okawaru


Innate Abilities, Weirdness & Mutations

Armour fits poorly on your strangely shaped body.
You have extremely tough skin. (AC +3)
You have a long armoured tail.
You regenerate magic when rolling toward enemies. (Rampage MPRegen)


Message History

The rat squeaks loudly.
You roll towards the rat!
An orc priest comes into view. It is wielding a +0 trident.
The orc priest shouts!
You hear a shout!
You roll towards the rat!
Found a stone staircase leading up.
You block the rat's attack.
You barely miss the rat.
Your tail-slap misses the rat.
The rat bites you but does no damage. x2
You hit the rat.
You kill the rat!
Okawaru accepts your kill.
You roll towards the orc priest!
You closely miss the orc priest. You block the orc priest's attack.
You hit the orc priest but do no damage.
The orc priest completely misses you.
You barely miss the orc priest.
Your tail-slap misses the orc priest.
The orc priest hits you with a +0 trident.
The orc priest closely misses you.
A goblin comes into view. It is wielding a +0 club.
An orc comes into view. It is wielding a +0 club.
You closely miss the orc priest.
The goblin shouts!
You hear a shout!
The orc priest invokes the aid of Beogh against you.
Beogh smites you!
You are too injured to fight recklessly!
The orc priest invokes the aid of Beogh against you.
Beogh smites you!
* * * LOW HITPOINT WARNING * * *
You are too injured to fight recklessly!
You roll towards the orc!
The orc closely misses you.
You thump the orc!
You kill the orc!
Okawaru accepts your kill.
You miss the goblin.
The orc priest casts a cantrip, but nothing happens.
The goblin hits you with a +0 club.
* * * LOW HITPOINT WARNING * * *
The orc priest calls down the wrath of Beogh upon you.
Beogh smites you!
You die...

................####
......##..........o.
.......+........... #
#####.##.....#..... .#
#####.##.....#.#####<# ..#
.........................
...............†.?g....
#####.##.##..#o#####.###.#
# #.##.##..#.g@.........
#####.##.##..#######.###.#
......##.##..# #
#####.##.##..# #
#.##.##.## #.##.##.#
####.#


You could see an orc priest and a goblin.

Vanquished Creatures
  A dart slug (D:2)
  An orc (D:3)
  3 bats
  9 endoplasms
  4 giant cockroaches (D:2)
  5 goblins
  5 hobgoblins
  A quokka (D:1)
  6 ball pythons
  2 frilled lizards
  4 kobolds
  8 rats
49 creatures vanquished.

Notes
Turn   | Place    | Note
-------+----------+-------------------------------------------
     0 | D:1      | Kaboulah the Armataur Fighter began the quest for the Orb.
     0 | D:1      | Reached XP level 1. HP: 18/18 MP: 1/1
   541 | D:1      | Reached XP level 2. HP: 25/25 MP: 2/2
  1014 | D:2      | Reached skill level 4 in Armour
  1187 | D:2      | Reached XP level 3. HP: 30/30 MP: 3/3
  1552 | D:3      | Found an iron altar of Okawaru.
  1556 | D:3      | Reached skill level 1 in Throwing
  1647 | D:3      | Became a worshipper of Warmaster Okawaru
  1844 | D:3      | Killed from afar by an orc priest

Illustrated notes

Levels and vault maps discovered:
D:1:      erik_arrival_cave_to_civilisation [erik_arrival_cave_to_hall],
          layout_basic
D:2:      layout_rooms
D:3:      layout_basic, okawaru_gym_becter, ebering_ecumenical_altar_rust,
          minivault_14, uniq_grinder

Skill      XL: |  1  2  3 |
---------------+----------+-----
Maces & Flails | 2 |  2.5
Armour         | 4 |  4.2
Fighting       | 3 |  3.0
Throwing       | 1 |  1.0
Shields        | |  3.5
Evocations     | |  0.1

Action                     || total
---------------------------++-------
  Melee: Flail             ||   134
         Tailslap          ||    11
 Armour: Chain mail        ||   118
  Dodge: Dodged            ||    32
  Block: Buckler           ||    27
